 Dungeon Crawl Stone Soup version 0.22-a0-512-g0943f25 (webtiles) character file.

11802 iamserjio the Cleaver (level 11, -2/84 HPs)
             Began as a Demonspawn Gladiator on June 18, 2018.
             Was a Follower of Uskayaw.
             Killed from afar by Nergalle (21 damage)
             ... with a bolt of negative energy
             ... on level 1 of the Lair of Beasts.
             The game lasted 00:31:08 (14271 turns).

iamserjio the Cleaver (Demonspawn Gladiator)       Turns: 14271, Time: 00:31:09

Health: -2/84      AC: 16    Str: 16    XL:     11   Next: 54%
Magic:  13/18      EV:  8    Int: 11    God:    Uskayaw [*.....]
Gold:   685        SH:  0    Dex: 15    Spells: 14/19 levels left

rFire    . . .     SeeInvis .   a - +0 war axe
rCold    . . .     Gourm    .   (no shield)
rNeg     . . .     Faith    .   h - +0 plate armour
rPois    .         Spirit   .   c - +1 helmet
rElec    .         Reflect  .   (no cloak)
rCorr    .         Harm     .   s - +0 pair of gloves
MR       .....                  F - +0 pair of boots
Stlth    ..........             (no amulet)
HPRegen  0.24/turn              x - ring of stealth
MPRegen  0.16/turn              (no ring)

@: drained
A: talons 2, repulsion field 1, nightstalker 2, spiny 1
a: Stomp, Renounce Religion


You were on level 1 of the Lair of Beasts.
You worshipped Uskayaw.
Uskayaw was aware of your devotion.
You were not hungry.

You visited 3 branches of the dungeon, and saw 13 of its levels.

You collected 685 gold pieces.

Inventory:

Hand Weapons
 a - a +0 war axe (weapon)
 D - a +2 flail of crushing
Missiles
 d - 5 throwing nets (quivered) {!f}
 p - 259 stones
 P - 4 javelins
Armour
 c - a +1 helmet (worn)
 h - a +0 plate armour (worn)
 k - a +0 hat of magic resistance
 s - a +0 pair of gloves (worn)
 w - a +0 chain mail
 F - a +0 pair of boots (worn)
Jewellery
 t - an uncursed ring of ice
 x - a ring of stealth (left hand)
Wands
 b - a wand of iceblast (4)
 q - a wand of disintegration (8)
 u - a wand of polymorph (28)
 G - a wand of digging (5)
Scrolls
 n - 3 scrolls of blinking
 o - 2 scrolls of magic mapping
 y - 4 scrolls of teleportation
 C - a scroll of noise {unknown}
 E - 3 scrolls of remove curse {@r2}
 H - 2 scrolls of fog
 L - 2 scrolls of amnesia {unknown}
 N - 3 scrolls of immolation
Potions
 e - a potion of ambrosia
 g - 5 potions of curing {@q1}
 i - 2 potions of might
 j - 2 potions of mutation
 l - a potion of berserk rage {unknown}
 m - a potion of agility
 r - a potion of magic
 z - a potion of invisibility
 A - a potion of flight {unknown}
 I - a potion of haste
 J - 2 potions of brilliance {unknown}
Comestibles
 f - 18 rations
 B - 12 chunks of flesh


   Skills:
 + Level 7.6(6.9) Fighting
 * Level 11.4(10.7) Axes
 - Level 1.7(1.2) Throwing
 - Level 5.5(4.9) Armour
 - Level 3.0(2.5) Dodging
 + Level 4.6(4.1) Spellcasting
 + Level 4.6(4.0) Transmutations
 + Level 1.8(1.3) Earth Magic
 + Level 8.2(7.6) Invocations


You had 14 spell levels left.
You knew the following spells:

 Your Spells              Type           Power        Failure   Level  Hunger
a - Beastly Appendage     Tmut           ##....       92%         1    #......
b - Leda's Liquefaction   Hex/Erth       #.........   100%        4    #####..

Your spell library contained the following spells:

 Spells                   Type           Power        Failure   Level  Hunger
 Cause Fear               Hex            #.........   100%        4    #####..
 Magic Dart               Conj           #...         100%        1    #......
 Slow                     Hex            #.......     100%        2    ##.....
 Iskenderun's Mystic Bla  Conj           #.......     100%        4    #####..
 Spider Form              Tmut/Pois      #.........   100%        3    ###....
 Blade Hands              Tmut           ##........   100%        5    ######.
 Ice Form                 Ice/Tmut       #.......     100%        4    #####..
 Sticks to Snakes         Tmut           ##......     98%         2    ##.....
 Corona                   Hex            #......      100%        1    #......
 Portal Projectile        Hex/Tloc       #.....       100%        3    ###....
 Inner Flame              Hex/Fire       #.......     100%        3    ###....
 Fulminant Prism          Conj/Hex       #.........   100%        4    #####..
 Dazzling Spray           Conj/Hex       #.....       100%        3    ###....
 Force Lance              Conj/Tloc      #.......     100%        4    #####..
 Searing Ray              Conj           #.....       100%        2    ##.....


Dungeon Overview and Level Annotations

Branches:
Dungeon (11/15)            Temple (1/1) D:6            Lair (1/6) D:8
    Orc: D:9-12

Altars:
Dithmenos
Elyvilon
Fedhas
Gozag
Kikubaaqudgha
Makhleb
Okawaru
Qazlal
Sif Muna
Trog
Uskayaw
Vehumet
Wu Jian
Xom
Yredelemnul
The Shining One

Shops:
D:7 :   D:10 %?*[

Annotations:
D:6 iamserjio's ghost, novice DsGl
D:7 iamserjio's ghost, novice DsGl
Lair:1 Nergalle


Innate Abilities, Weirdness & Mutations

You have razor-sharp toenails.
You are surrounded by a mild repulsion field. (EV +2)
You are significantly more attuned to the shadows.
You are partially covered in sharp spines.


Message History

The yak is almost dead.
You feel somewhat more hungry.
You can no longer stomp with the beat.
You feel sick. The spiny frog barely misses you. The yak gores you!
* * * LOW HITPOINT WARNING * * *
The yak closely misses you. The yak gores you but does no damage.
The spiny frog stings you!
* * * LOW HITPOINT WARNING * * *
You can now stomp with the beat.
Okay, then.
As you read the scroll of fear, it crumbles to dust.
You assume a fearsome visage.
The yak looks frightened! x4
The spiny frog looks frightened!
* * * LOW HITPOINT WARNING * * *
You feel sick.
You feel better.
Nergalle the Soulbinder comes into view.
She is wielding a dagger.
Nergalle gestures at you while chanting.
The bolt of negative energy hits you!
You feel drained.
You die...

......###.....#.# ##.........
.......#....#.### #P.........
............##### #..........
...........####.# ###........
..........####..###.#........
..........#P##..##...........
...........##...............
............................
...........@.....<..........
......o.......##......÷÷....
...........P..##......÷.....
.Y.......#P............^....
..........................#.
..........................#.
.Y...F...Y.#...##...........
.....Y....#########.........
#.........


You could see Nergalle.

Vanquished Creatures
  Gastronok (D:9)
  A centaur warrior (D:10)
  A two-headed ogre (D:8)
  An unseen horror (D:10)
  A wizard (D:9)
  A komodo dragon (D:8)
  2 hippogriffs
  14 yaks
  A spriggan (D:8)
  A wyvern (D:11)
  A steam dragon (D:10)
  An acid dragon (D:11)
  4 ice beasts
  4 orc warriors
  2 sky beasts
  A necrophage (D:6)
  4 ogres
  The ghost of Raoqal the Covered, an amateur DsFi (D:3)
  5 wolves (Lair:1)
  3 crocodiles
  3 centaurs
  4 bullfrogs
  3 scorpions
  10 killer bees
  5 crimson imps
  A centaur zombie (D:8)
  4 jellies
  8 orc priests
  3 hounds
  13 orc wizards
  A gnoll shaman (D:5)
  2 iguanas
  9 worker ants
  A hound skeleton (D:9)
  12 gnolls
  10 adders
  2 shadow imps (D:5)
  4 adder skeletons
  3 worms
  5 dart slugs
  3 leopard geckos
  42 orcs
  13 bats
  10 giant cockroaches
  6 goblins
  10 hobgoblins
  10 jackals
  5 quokkas
  2 ball pythons
  A ball python skeleton (D:5)
  6 frilled lizards
  5 kobolds
  9 rats
  A plant (D:2)
276 creatures vanquished.

Vanquished Creatures (others)
  A plant (D:8)
  6 withered plants (D:6)
7 creatures vanquished.

Grand Total: 283 creatures vanquished

Notes
Turn   | Place    | Note
-------+----------+-------------------------------------------
     0 | D:1      | iamserjio the Demonspawn Gladiator began the quest for the Orb.
     0 | D:1      | Reached XP level 1. HP: 16/16 MP: 1/1
    58 | D:1      | Reached skill level 3 in Axes
   186 | D:1      | Gained mutation: You are partially covered in sharp spines. [demonic ancestry]
   186 | D:1      | Reached XP level 2. HP: 17/22 MP: 2/2
   441 | D:1      | Reached skill level 1 in Armour
   702 | D:1      | Gained mutation: You have sharp toenails. [demonic ancestry]
   702 | D:1      | Reached XP level 3. HP: 26/27 MP: 3/3
  1726 | D:2      | Reached skill level 4 in Axes
  1726 | D:2      | Reached XP level 4. HP: 30/33 MP: 4/4
  2897 | D:3      | Found a runed gate.
  2897 | D:3      | Found a runed gate.
  2897 | D:3      | Found a runed gate.
  2897 | D:3      | Noticed Raoqal's ghost (amateur DsFi)
  2898 | D:3      | Noticed a sky beast
  2910 | D:3      | Reached XP level 5. HP: 37/38 MP: 5/5
  3221 | D:4      | Reached skill level 5 in Axes
  3347 | D:4      | Reached XP level 6. HP: 30/44 MP: 6/6
  3507 | D:4      | Found a sparkling altar of Nemelex Xobeh.
  3509 | D:4      | Found a shimmering altar of Xom.
  3509 | D:4      | Found a snail-covered altar of Cheibriados.
  3516 | D:4      | Found a sparkling altar of Nemelex Xobeh.
  3516 | D:4      | Found a stormy altar of Qazlal.
  3516 | D:4      | Found an iron altar of Okawaru.
  3901 | D:5      | Entered Level 5 of the Dungeon
  4160 | D:5      | Reached skill level 6 in Axes
  4405 | D:5      | Noticed an ice beast
  4416 | D:5      | Gained mutation: You are surrounded by a mild repulsion field. (EV +2) [demonic ancestry]
  4416 | D:5      | Reached XP level 7. HP: 19/50 MP: 7/7
  4755 | D:5      | Got a brightly glowing trident {pierce}
  5635 | D:3      | Killed Raoqal's ghost
  5635 | D:3      | Reached skill level 7 in Axes
  5642 | D:3      | Reached XP level 8. HP: 17/58 MP: 8/8
  6603 | D:6      | Reached skill level 5 in Armour
  6654 | D:6      | Found a runed gate.
  6656 | D:6      | Found a runed gate.
  6656 | D:6      | Found a runed gate.
  6870 | D:6      | Found a staircase to the Ecumenical Temple.
  6882 | Temple   | Entered the Ecumenical Temple
  6909 | Temple   | Became a worshipper of Uskayaw the Reveler
  7070 | D:6      | Reached * piety under Uskayaw
  7074 | D:6      | Reached skill level 8 in Axes
  7405 | D:6      | Noticed iamserjio's ghost (novice DsGl)
  7406 | D:6      | Noticed iamserjio's ghost (novice DsGl)
  7569 | D:7      | Reached ** piety under Uskayaw
  7570 | D:7      | Reached skill level 1 in Invocations
  7582 | D:7      | Found Panajug's Book Shoppe.
  7616 | D:7      | Reached *** piety under Uskayaw
  7618 | D:7      | Reached **** piety under Uskayaw
  7620 | D:7      | Gained mutation: You are slightly more attuned to the shadows. [demonic ancestry]
  7620 | D:7      | Reached XP level 9. HP: 45/66 MP: 5/11
  7768 | D:7      | Reached ***** piety under Uskayaw
  8023 | D:6      | Identified the +3 trident of Annoyance {pierce, *Contam rC+ Str-5 Dex+10} (You took it off an orc on level 5 of the Dungeon)
  8032 | D:6      | Reached skill level 5 in Fighting
  8032 | D:6      | Reached skill level 9 in Axes
  8565 | D:7      | Learned a level 1 spell: Beastly Appendage
  9237 | D:8      | Reached skill level 1 in Spellcasting
  9237 | D:8      | Reached skill level 1 in Transmutations
  9299 | D:8      | Reached skill level 5 in Invocations
  9488 | D:8      | Found a staircase to the Lair.
  9490 | D:8      | Noticed a komodo dragon
  9505 | D:8      | Killed a komodo dragon
  9800 | D:8      | Noticed a two-headed ogre
  9811 | D:8      | Killed a two-headed ogre
  9811 | D:8      | Gained mutation: You are significantly more attuned to the shadows. [demonic ancestry]
  9811 | D:8      | Reached XP level 10. HP: 45/76 MP: 2/14
 10412 | D:9      | Reached skill level 10 in Axes
 10445 | D:9      | Noticed a wizard
 10454 | D:9      | Killed a wizard
 11157 | D:9      | Noticed Gastronok
 11175 | D:9      | Killed Gastronok
 11274 | D:9      | Found an ornate altar of the Wu Jian Council.
 11789 | D:10     | Entered Level 10 of the Dungeon
 11833 | D:10     | Found Duthu's Magic Scroll Boutique.
 11855 | D:10     | Killed an unseen horror
 11855 | D:10     | Gained mutation: You have razor-sharp toenails. [demonic ancestry]
 11855 | D:10     | Reached XP level 11. HP: 50/84 MP: 16/16
 12125 | D:10     | Noticed a centaur warrior
 12134 | D:10     | Killed a centaur warrior
 12134 | D:10     | Reached skill level 11 in Axes
 12190 | D:10     | Found Zuipp's General Store.
 12210 | D:10     | Found Uddam's Antique Armour Shop.
 12327 | D:10     | Noticed a deep elf knight
 12355 | D:10     | Noticed an orc knight
 12355 | D:10     | Noticed a deep elf mage
 12369 | D:10     | Found Uvaarour's Food Shop.
 12495 | D:10     | Learned a level 4 spell: Leda's Liquefaction
 12840 | D:11     | Reached skill level 1 in Earth Magic
 13648 | D:11     | Noticed a skeletal warrior
 13648 | D:11     | Noticed a skeletal warrior
 13650 | D:11     | Noticed a skeletal warrior
 13654 | D:11     | Noticed a skeletal warrior
 13916 | Lair:1   | Entered Level 1 of the Lair of Beasts
 14265 | Lair:1   | Noticed Nergalle
 14271 | Lair:1   | Killed from afar by Nergalle

Vault maps used:
D:1:      erik_arrival_cave_to_civilisation
D:2:      serial_forest, infiniplex_forest_clump_long,
          infiniplex_forest_clump_tiny, infiniplex_forest_corner_1,
          infiniplex_forest_lined_room_, infiniplex_forest_end_double,
          infiniplex_forest_end_1, infiniplex_forest_lined_2,
          infiniplex_forest_end_3
D:3:      first_ration, gammafunk_ghost_split
D:4:      doesnt_xom_only_xom
D:5:      serial_park_tiny_pond
D:6:      cheibrodos_quashed, minmay_temple_entry_butterflies,
          gammafunk_ghost_cemetery
D:7:      serial_shops, kennysheep_mini
D:8:      david_lair_shrubbed, the_bakery
D:9:      marbit_many_paths, uniq_gastronok
D:10:     serial_shops, shop, shop, nicolae_shop_crystal,
          nicolae_shop_behind_doors, onia_ninara_dug_in_and_dangerous
D:11:     lemuel_ice_spiral_2, minmay_orc_entry_temple_large, serial_shops,
          nicolae_shop_crystal
Temple:   nicolae_temple_the_god_donut
Lair:1:   uniq_nergalle

Skill      XL: |  1  2  3  4  5  6  7  8  9 10 11 |
---------------+----------------------------------+-----
Axes           | 3 4 5 6 7 8 9 10 11 | 11.4
Armour         | 1 2 3 4 5 |  5.5
Fighting       | 3 4 6 7 |  7.6
Invocations    | 2 5 7 8 |  8.2
Dodging        | 3 |  3.0
Spellcasting   | 2 3 4 |  4.6
Transmutations | 2 3 4 |  4.6
Earth Magic    | 1 |  1.8
Throwing       | |  1.7

Action                   |  1- 3 |  4- 6 |  7- 9 | 10-12 || total
-------------------------+-------+-------+-------+-------++-------
Melee: War axe           |   121 |   111 |   216 |   182 ||   630
       Kick              |    23 |    37 |    49 |       ||   109
Invok: Stomp             |       |       |    14 |    12 ||    26
       Line Pass         |       |       |     3 |       ||     3
Evoke: Wand              |       |     1 |    16 |     5 ||    22
  Use: Scroll            |       |       |    13 |     8 ||    21
       Potion            |       |       |       |     2 ||     2
 Stab: Sleeping          |     3 |       |       |     4 ||     7
       Paralysed         |       |       |     5 |    25 ||    30
  Eat: Chunk             |     3 |     8 |    13 |    16 ||    40
       Ration            |       |       |     2 |       ||     2
Armor: Leather armour    |    28 |     7 |       |       ||    35
       Ring mail         |       |    26 |    25 |       ||    51
       Chain mail        |       |       |    76 |    80 ||   156
       Plate armour      |       |       |       |    23 ||    23
       Skin              |       |       |       |     7 ||     7
Dodge: Dodged            |    64 |    63 |   106 |    85 ||   318

Table legend:
 A = Spawn XP
 B = Non-spawn XP
 C = Spawn XP percentage of total XP
 D = Spawn monster count
 E = Non-spawn monster count
 F = Spawn count percentage of total count
 G = Total turns spent on level
                    A         B        C        D         E        F      G
               +---------+---------+-------+---------+---------+-------+---------
         Total |       0 |   16861 |   0.0 |       0 |     275 |   0.0 | 14271
               +---------+---------+-------+---------+---------+-------+---------
           D:1 |       0 |      47 |   0.0 |       0 |      27 |   0.0 |  1029
           D:2 |       0 |      60 |   0.0 |       0 |      26 |   0.0 |  1336
           D:3 |       0 |     384 |   0.0 |       0 |      29 |   0.0 |   924
           D:4 |       0 |     243 |   0.0 |       0 |      16 |   0.0 |  1356
           D:5 |       0 |     834 |   0.0 |       0 |      38 |   0.0 |  1630
           D:6 |       0 |     787 |   0.0 |       0 |      23 |   0.0 |  1691
           D:7 |       0 |    1915 |   0.0 |       0 |      34 |   0.0 |  1113
           D:8 |       0 |    2071 |   0.0 |       0 |      17 |   0.0 |  1332
           D:9 |       0 |    4213 |   0.0 |       0 |      23 |   0.0 |  1509
          D:10 |       0 |    2057 |   0.0 |       0 |      12 |   0.0 |  1122
          D:11 |       0 |    3303 |   0.0 |       0 |      23 |   0.0 |   954
        Lair:1 |       0 |     947 |   0.0 |       0 |       7 |   0.0 |   220
               +---------+---------+-------+---------+---------+-------+---------
